AoeStats
← Red Calypso

Arabia

507392864Analyzed
4v4 RM · 15d ago on Sep 18, 2026· 54m 37s· 8 players
Game mode
Random Map
Map size
Large (8 player)
Population
200
Speed
Normal
Resources
Standard
Victory
Conquest
Starting age
Dark Age
Ending age
Imperial Age
RankedLock teamsTeams togetherTeam positionsShared explorationLock speedFull tech treeHidden civsTurbo modeCheats
Victory
Defeat
🇪🇨 Ethiopians · Ecuador
1365
+16
🇺🇸 Magyars · United States
1312
+18
🇺🇸 Spanish · United States
1300
+19
🇺🇸 Koreans · United States
1240
+21
🇩🇪 Persians · Germany
1513
-23
🇦🇹 Poles · Austria
1438
-22
🇩🇪 Ethiopians · Germany
1402
-20
🇮🇹 Vietnamese · Italy
1108
-31
IDWARE21
6:37 Loom
9:28 Feudal Age
10:25 Double-Bit Axe
18:00 Horse Collar
19:00 Scale Barding Armor
19:57 Bloodlines
22:55 Wheelbarrow
25:21 Castle Age
25:29 Gold Mining
27:01 Chain Barding Armor
26:48 Husbandry
29:00 Light Cavalry
33:37 Gold Shaft Mining
33:18 Bow Saw
34:10 Heavy Plow
35:04 Town Watch
37:42 Hand Cart
37:47 Fletching
43:50 Imperial Age
43:38 Ballistics
43:17 Bodkin Arrow
44:13 Cavalier
45:30 Plate Barding Armor
45:31 Town Patrol
47:10 Crop Rotation
47:47 Two-Man Saw
46:39 Paladin
48:07 Stone Mining
48:50 Fervor
49:01 Sanctity
49:25 Padded Archer Armor
49:25 Bracer
50:28 Chemistry
51:16 Leather Archer Armor
50:35 Hussar
51:47 Conscription
52:03 Hoardings
51:31 Corvinian Army
52:14 Heavy Cavalry Archer
53:01 Thumb Ring
54:36 Ring Archer Armor
54:12 Murder Holes
54:28 Masonry
53:58 Treadmill Crane
Spider2YBanana
6:22 Loom
9:09 Feudal Age
10:01 Double-Bit Axe
13:37 Horse Collar
17:00 Scale Barding Armor
19:13 Forging
19:47 Bloodlines
23:46 Castle Age
21:42 Gold Mining
24:58 Chain Barding Armor
25:19 Iron Casting
26:26 Wheelbarrow
26:45 Husbandry
30:03 Town Watch
47:42 Imperial Age
47:20 Stone Mining
47:46 Fletching
47:45 Cavalier
49:03 Plate Barding Armor
50:11 Blast Furnace
49:42 Bow Saw
49:38 Paladin
50:39 Conscription
51:05 Bodkin Arrow
[ECU] QUITUS
6:35 Loom
8:52 Feudal Age
9:24 Double-Bit Axe
11:41 Fletching
13:59 Padded Archer Armor
18:43 Gold Mining
24:35 Castle Age
24:14 Horse Collar
24:36 Crossbowman
25:13 Bodkin Arrow
27:08 Ballistics
29:55 Wheelbarrow
31:40 Leather Archer Armor
32:00 Thumb Ring
32:39 Bow Saw
33:48 Gold Shaft Mining
34:17 Town Watch
40:43 Imperial Age
40:17 Town Patrol
41:38 Arbalester
42:22 Bracer
43:39 Chemistry
43:04 Stone Mining
44:28 Hand Cart
44:04 Halberdier
44:45 Squires
44:51 Scale Mail Armor
45:02 Forging
45:31 Arson
46:05 Chain Mail Armor
47:57 Plate Mail Armor
48:03 Iron Casting
48:38 Ring Archer Armor
51:07 Blast Furnace
theshyforest
1:49 Loom
11:46 Feudal Age
25:46 Castle Age
25:16 Double-Bit Axe
26:14 Elite Skirmisher
28:24 Fletching
32:39 Pikeman
39:59 Arson
41:43 Bodkin Arrow
42:07 Horse Collar
47:21 Wheelbarrow
47:44 Squires
47:56 Forging
49:15 Thumb Ring
49:28 Crossbowman
51:11 Scale Mail Armor
53:13 Chain Mail Armor
54:12 Ballistics
54:22 Bow Saw
54:15 Heavy Plow
57:24 Imperial Age
Red Calypso
6:34 Loom
9:32 Feudal Age
11:42 Double-Bit Axe
12:22 Scale Barding Armor
16:28 Horse Collar
21:59 Bloodlines
22:08 Forging
28:08 Castle Age
26:23 Gold Mining
27:31 Wheelbarrow
29:28 Chain Barding Armor
28:31 Light Cavalry
29:12 Husbandry
31:06 Stone Mining
32:14 Iron Casting
37:57 Szlachta Privileges
40:46 Heavy Plow
43:26 Stone Shaft Mining
43:34 Bow Saw
47:14 Imperial Age
46:56 Fletching
47:15 Cavalier
49:01 Blast Furnace
49:32 Conscription
52:00 Hand Cart
53:30 Bodkin Arrow
53:35 Padded Archer Armor
Aremenius
6:45 Loom
9:07 Feudal Age
15:12 Fletching
16:28 Man-at-Arms
22:51 Castle Age
22:14 Double-Bit Axe
22:53 Padded Archer Armor
22:57 Crossbowman
23:32 Bodkin Arrow
24:06 Bow Saw
29:40 Ballistics
39:43 Town Watch
40:33 Wheelbarrow
44:10 Imperial Age
43:14 Leather Archer Armor
44:53 Bracer
50:06 Chemistry
50:20 Two-Man Saw
50:26 Thumb Ring
51:38 Ring Archer Armor
51:50 Caravan
52:34 Coinage
53:46 Banking
53:26 Guilds
53:35 Arbalester
54:34 Town Patrol
vR-MrReD
6:32 Loom
10:17 Feudal Age
10:56 Double-Bit Axe
17:46 Scale Barding Armor
20:18 Wheelbarrow
20:55 Forging
23:49 Castle Age
22:18 Horse Collar
23:07 Bloodlines
24:04 Gold Mining
24:18 Husbandry
24:44 Chain Barding Armor
26:08 Gold Shaft Mining
27:29 Bow Saw
33:22 Iron Casting
45:00 Imperial Age
43:57 Heavy Plow
45:16 Gold Shaft Mining
44:31 Stone Mining
45:26 Hand Cart
44:39 Cavalier
46:05 Plate Barding Armor
46:23 Crop Rotation
48:06 Blast Furnace
49:45 Stone Shaft Mining
48:39 Savar
49:28 Light Cavalry
49:42 Heavy Camel Rider
TonyS7772
6:47 Loom
10:13 Feudal Age
11:20 Double-Bit Axe
13:27 Padded Archer Armor
16:00 Fletching
16:41 Padded Archer Armor
Connection lost

Rejoining the realm…

Still unreachable

The connection could not be restored.

Session expired

The server has moved on; the page needs a fresh start.